 Dungeon Sprint DCSS version 0.30-a0-137-gd8773701ce (webtiles) character file.

Game seed: 3783542651794970810

11228 mhtbhm the Metallomancer (level 11, -7/60 HPs)
             Began as a Gargoyle Earth Elementalist on Sept 23, 2022.
             Was the Champion of Vehumet.
             Shot with an arrow by a deep elf master archer (44 damage)
             ... in the Dungeon (Sprint III: "The Ten Rune Challenge").
             The game lasted 00:08:20 (3926 turns).

mhtbhm the Metallomancer (GrEE)                     Turns: 3926, Time: 00:08:20

Health: -7/60      AC: 10    Str: 10    XL:     11   Next: 74%
Magic:  23/31      EV: 13    Int: 25    God:    Vehumet [******]
Gold:   2327       SH:  0    Dex:  9    Spells: 23/43 levels left

rFire   . . .      SeeInvis .    (no weapon)
rCold   . . .      Faith    .    (no shield)
rNeg    + . .      Spirit   .    a - +0 robe
rPois   ∞          Reflect  .    (no helmet)
rElec   +          Harm     .    (no cloak)
rCorr   .          Rampage  .    (no gloves)
Will    .....      NoTele   +    (no boots)
Stlth   +++.......               (no amulet)
HPRegen 0.20/turn                (no ring)
MPRegen 0.22/turn                (no ring)

@: no status effects
A: sickness immunity, AC +8, negative energy resistance 1, electricity
resistance, torment resistance 1, petrification resistance, clever 1
a: Renounce Religion


You were in the Dungeon.
You worshipped Vehumet.
Vehumet was exalted by your worship.
You visited 1 branch You collected 2477 gold pieces.
You spent 150 gold pieces at shops.

Inventory:

Missiles
 h - 3 poisoned darts (quivered)
Armour
 a - a +0 robe (worn)
Scrolls
 g - 2 scrolls of blinking
 j - a scroll of poison
 k - 2 scrolls of identify
 m - a scroll of torment
Potions
 b - 3 potions of magic
 c - a potion of curing
 d - a potion of heal wounds
 e - a potion of haste
 f - a potion of berserk rage
 i - a potion of mutation
 l - 4 potions of flight
 n - a potion of might
Miscellaneous
 o - a phantom mirror


   Skills:
 + Level 3.9 Fighting
 + Level 0.5 Throwing
 + Level 5.0 Dodging
 + Level 5.5 Stealth
 + Level 16.6 Spellcasting
 + Level 10.1 Conjurations
 + Level 3.9 Transmutations
 + Level 21.4 Earth Magic
 + Level 2.1 Evocations


You had 23 spell levels left.
You knew the following spells:

 Your Spells              Type           Power      Damage    Failure   Level
a - Sandblast             Erth           100%       2d20      0%          1
b - Passwall              Tmut/Erth      59%        N/A       1%          2
c - Stone Arrow           Conj/Erth      100%       3d13      0%          3
d - Petrify               Tmut/Erth      71%        N/A       1%          4
e - Slow                  Hex            80%        N/A       2%          1
f - Flame Wave            Conj/Fire      46%        2d12      1%          4
g - Lee's Rapid Deconstr  Erth           45%        3d23*     0%          5

Your spell library contained the following spells:

 Spells                   Type           Power      Damage    Failure   Level
 Confusing Touch          Hex            20%        N/A       8%          3
 Vampiric Draining        Necr           20%        2d7       8%          3


Dungeon Overview and Level Annotations

Branches:
Dungeon (1/1)

Altars:
Cheibriados
Dithmenos
Elyvilon
Fedhas
Gozag
Hepliaklqana
Kikubaaqudgha
Makhleb
Nemelex Xobeh
Okawaru
Qazlal
Ru
Sif Muna
Trog
Uskayaw
Vehumet
Wu Jian
Xom
Yredelemnul
Zin
The Shining One
Jiyva
Lugonu

Shops:
D ?


Innate Abilities, Weirdness & Mutations

You are immune to sickness and miasma.
Your stone body is resilient. (AC +8)
You are immune to poison.
You resist negative energy. (rN+)
You are resistant to electric shocks. (rElec)
You are resistant to unholy torment.
You are immune to petrification.
Your mind is acute. (Int +4, Str/Dex -1)


Message History

The deep elf high priest is heavily wounded.
The deep elf high priest calls down the wrath of its god upon you.
Something smites you!
You hear a shout!
Unknown command.
Casting: Lee's Rapid Deconstruction (safe; 0% risk of failure)
Confirm with . or Enter, or press ? or * to list all spells.
Aiming: Lee's Rapid Deconstruction (safe; 0% risk of failure)
Press: ? - help, Dir - move target A stone wall.
The wall shatters!
The blast of rock fragments hits the deep elf high priest!!
You kill the deep elf high priest!
Vehumet accepts your kill.
You feel your power returning.
Your Dodging skill increases to level 5!
Unknown command.
You start resting.
Magic restored.
You start resting.
HP restored.
Casting: Lee's Rapid Deconstruction (safe; 0% risk of failure)
Confirm with . or Enter, or press ? or * to list all spells.
Aiming: Petrify (safe; 1% risk of failure)
Press: ? - help, Shift-Dir - straight line, f - deep elf master archer
Aim: a deep elf master archer, wielding a +0 longbow and wearing a +1 chain mail of poison resistance (wandering, hasn't noticed you, chance to affect: 16%)
The deep elf master archer shouts!
The deep elf master archer resists with almost no effort.
Casting: Petrify (safe; 1% risk of failure)
Confirm with . or Enter, or press ? or * to list all spells.
Aiming: Petrify (safe; 1% risk of failure)
Press: ? - help, Shift-Dir - straight line, f/p - deep elf master archer
Aim: a deep elf master archer, wielding a +0 longbow and wearing a +1 chain mail of poison resistance (chance to affect: 16%)
The deep elf master archer is moving more slowly.
The deep elf master archer shoots an arrow.
The arrow hits you!!
The deep elf master archer shoots an arrow.
The arrow hits you!!!
Ouch! That really hurt!
You die...

▓▓▓▓▓▓
#.##.#############***###*********
#..∩#.##..)'.#...#*,).e',,,,,,**,
#.........##.#...##≈≈≈≈#*,,**,**,
#..)......##.#...≈≈≈..)),,,,*,**,
#.)......#.#)#..@##≈≈≈≈#*,,**,**,
#...#.######.'...#*,,.e',,,,,,**,
#)#.#..#.# #######*****#********,
#)#####################*********,
#.)..#.#.#.....#.....^+,,,~~*,**,
##.#).#.##.###)#...^..#,,,~~*****
'##)#.#.##)#..##^....^#,,,~~~~**,
#...#..#..##.)'....^..#,,,~~~~**,
▓▓▓▓▓▓▓▓▓▓▓▓▓▓#...^...#,,,,,,,**,


You could see a deep elf master archer (petrifying).

Vanquished Creatures
  2 deep elf demonologists (D)
  A deep elf death mage (D)
  A deep elf high priest (D)
  An orc high priest (D)
  6 deep elf pyromancers (D)
  2 deep elf zephyrmancers (D)
  2 cane toads (D)
  A rime drake (D)
  3 wandering mushrooms (D)
  A shadow (D)
  2 redbacks (D)
  A spatial vortex (D)
  A swamp drake (D)
  2 orc warriors (D)
  5 two-headed ogres (D)
  A water elemental (D)
  A necrophage (D)
  A scorpion (D)
  A jelly (D)
  3 orc priests (D)
  A wizard (D)
  Jessica (D)
  An orc wizard (D)
  A necromancer (D)
  3 humans (D)
  A kobold demonologist (D)
  11 orcs (D)
  An endoplasm (D)
  2 rats (D)
60 creatures vanquished.

Vanquished Creatures (collateral kills)
  Erolcha (D)
  A komodo dragon (D)
2 creatures vanquished.

Grand Total: 62 creatures vanquished

Notes
Turn   | Place    | Note
-------+----------+-------------------------------------------
     0 | D        | mhtbhm the Gargoyle Earth Elementalist began the quest for
                  | the Orb.
     0 | D        | Reached XP level 1. HP: 10/10 MP: 3/3
     9 | D        | Reached skill level 4 in Earth Magic
    44 | D        | Noticed Jessica
    50 | D        | Killed Jessica
    51 | D        | Reached skill level 6 in Earth Magic
    51 | D        | Reached XP level 2. HP: 15/15 MP: 1/6
    51 | D        | Reached XP level 3. HP: 19/19 MP: 1/7
    54 | D        | Learned a level 2 spell: Passwall
    58 | D        | Learned a level 3 spell: Stone Arrow
    98 | D        | Gained mutation: Your body sometimes deteriorates upon
                  | taking damage. [potion of mutation]
    99 | D        | Lost mutation: Your body sometimes deteriorates upon taking
                  | damage. [potion of mutation]
    99 | D        | Gained mutation: Your mind is acute. (Int +4, Str/Dex -1)
                  | [potion of mutation]
   217 | D        | Reached skill level 1 in Transmutations
   217 | D        | Reached skill level 7 in Earth Magic
   285 | D        | Noticed a scorpion
   288 | D        | Killed a scorpion
   289 | D        | Reached skill level 8 in Earth Magic
   289 | D        | Reached XP level 4. HP: 22/24 MP: 6/10
   321 | D        | Noticed a water elemental
   323 | D        | Killed a water elemental
   324 | D        | Reached skill level 5 in Spellcasting
   324 | D        | Reached skill level 9 in Earth Magic
   324 | D        | Reached XP level 5. HP: 28/28 MP: 4/13
   398 | D        | Found a radiant altar of Vehumet.
   398 | D        | Found a shimmering blue altar of Sif Muna.
   398 | D        | Found an ancient bone altar of Kikubaaqudgha.
   400 | D        | Reached skill level 10 in Earth Magic
   409 | D        | Became a worshipper of Vehumet
   420 | D        | Learned a level 4 spell: Petrify
   432 | D        | Learned a level 1 spell: Slow
   432 | D        | Found a glowing silver altar of Zin.
   432 | D        | Found a glowing golden altar of the Shining One.
   432 | D        | Found a white marble altar of Elyvilon.
   432 | D        | Noticed a deep elf pyromancer
   435 | D        | Killed a deep elf pyromancer
   436 | D        | Reached skill level 1 in Conjurations
   436 | D        | Reached skill level 13 in Earth Magic
   436 | D        | Reached XP level 6. HP: 25/32 MP: 4/17
   436 | D        | Reached XP level 7. HP: 28/36 MP: 4/19
   505 | D        | Found a basalt altar of Yredelemnul.
   505 | D        | Found a shadowy altar of Dithmenos.
   505 | D        | Found a sacrificial altar of Ru.
   507 | D        | Reached skill level 5 in Stealth
   509 | D        | Reached * piety under Vehumet
   509 | D        | Offered knowledge of Shock by Vehumet.
   547 | D        | Found a hide-covered altar of Uskayaw.
   547 | D        | Found an iron altar of Okawaru.
   547 | D        | Found a bloodstained altar of Trog.
   547 | D        | Found an ornate altar of the Wu Jian Council.
   547 | D        | Noticed a human
   547 | D        | Noticed a human
   553 | D        | Killed a human
   554 | D        | Reached skill level 14 in Earth Magic
   554 | D        | Reached XP level 8. HP: 13/42 MP: 16/21
   557 | D        | Reached skill level 10 in Spellcasting
   788 | D        | Noticed a shadow
   854 | D        | Killed a shadow
   854 | D        | Reached ** piety under Vehumet
   854 | D        | Offered knowledge of Foxfire by Vehumet.
   855 | D        | Reached skill level 1 in Fighting
   910 | D        | Found a blossoming altar of Fedhas.
   910 | D        | Found a stormy altar of Qazlal.
   910 | D        | Found a snail-covered altar of Cheibriados.
   910 | D        | Found a burning altar of Makhleb.
   910 | D        | Found a shimmering altar of Xom.
   911 | D        | Found a hazy altar of Hepliaklqana.
   911 | D        | Found an opulent altar of Gozag.
   911 | D        | Found a sparkling altar of Nemelex Xobeh.
   911 | D        | Found a corrupted altar of Lugonu.
   911 | D        | Found a viscous altar of Jiyva.
   918 | D        | Reached skill level 15 in Earth Magic
   941 | D        | Reached *** piety under Vehumet
  1058 | D        | Noticed a two-headed ogre
  1061 | D        | Killed a two-headed ogre
  1061 | D        | Offered knowledge of Poisonous Vapours by Vehumet.
  1062 | D        | Reached XP level 9. HP: 48/48 MP: 16/24
  1108 | D        | Noticed Erolcha
  1110 | D        | Noticed a two-headed ogre
  1110 | D        | Killed Erolcha
  1111 | D        | Reached skill level 5 in Conjurations
  1111 | D        | Reached skill level 16 in Earth Magic
  1116 | D        | Killed a two-headed ogre
  1117 | D        | Reached skill level 1 in Evocations
  1167 | D        | Reached **** piety under Vehumet
  1277 | D        | Offered knowledge of Fulminant Prism by Vehumet.
  1278 | D        | Reached skill level 17 in Earth Magic
  1283 | D        | Noticed a wandering mushroom
  1289 | D        | Killed a wandering mushroom
  1290 | D        | Noticed a wandering mushroom
  1292 | D        | Noticed a wandering mushroom
  1297 | D        | Killed a wandering mushroom
  1298 | D        | Reached XP level 10. HP: 56/56 MP: 13/27
  1409 | D        | Found Peosomoc's Magic Scroll Emporium.
  1409 | D        | Noticed an orc high priest
  1411 | D        | Reached ***** piety under Vehumet
  1415 | D        | Killed an orc high priest
  1425 | D        | Reached skill level 18 in Earth Magic
  1427 | D        | Reached ****** piety under Vehumet
  1439 | D        | Offered knowledge of Iskenderun's Mystic Blast by Vehumet.
  1575 | D        | Bought a scroll of blinking for 75 gold pieces
  1575 | D        | Bought a scroll of magic mapping for 75 gold pieces
  1628 | D        | Noticed a deep elf pyromancer
  1628 | D        | Noticed a deep elf zephyrmancer
  1628 | D        | Noticed a deep elf pyromancer
  1628 | D        | Noticed a deep elf zephyrmancer
  1628 | D        | Noticed a deep elf pyromancer
  1644 | D        | Killed a deep elf zephyrmancer
  1644 | D        | Offered knowledge of Flame Wave by Vehumet.
  1673 | D        | Killed a deep elf pyromancer
  1680 | D        | Killed a deep elf pyromancer
  1816 | D        | Killed a deep elf pyromancer
  1817 | D        | Reached skill level 19 in Earth Magic
  1822 | D        | Killed a deep elf zephyrmancer
  1823 | D        | Reached skill level 15 in Spellcasting
  1823 | D        | Reached XP level 11. HP: 30/60 MP: 23/30
  1860 | D        | Learned a level 4 spell: Flame Wave
  1923 | D        | Noticed a deep elf pyromancer
  1926 | D        | Noticed a deep elf demonologist
  2216 | D        | Offered knowledge of Lee's Rapid Deconstruction by Vehumet.
  2223 | D        | Learned a level 5 spell: Lee's Rapid Deconstruction
  2291 | D        | Noticed a deep elf death mage
  2514 | D        | Noticed a deep elf high priest
  2514 | D        | Identified the +9 long sword "Biotsoly" {flame, rC+ rN+
                  | Will++}
  2774 | D        | Noticed a deep elf pyromancer
  2776 | D        | Killed a deep elf pyromancer
  2777 | D        | Noticed a deep elf master archer
  2779 | D        | Killed a deep elf demonologist
  2780 | D        | Reached skill level 20 in Earth Magic
  2781 | D        | Killed a deep elf demonologist
  2781 | D        | Identified the +9 hand axe of the Median {vorpal, *Noise
                  | rElec rCorr Str-2} (You took it off a deep elf demonologist
                  | in the Dungeon)
  3182 | D        | Killed a deep elf pyromancer
  3183 | D        | Reached skill level 10 in Conjurations
  3185 | D        | Killed a deep elf death mage
  3186 | D        | Reached skill level 21 in Earth Magic
  3795 | D        | Killed a deep elf high priest
  3796 | D        | Reached skill level 5 in Dodging
  3926 | D        | Shot with an arrow by a deep elf master archer

Illustrated notes

Levels and vault maps discovered:
D:        dungeon_sprint_mu [sprint_mu_entry_cave, sprint_mu_temple_rooms,
          sprint_mu_d1_spiders, sprint_mu_d2_genie, sprint_mu_d3_branching,
          sprint_mu_orc_legion, sprint_mu_elf_gauntlet, sprint_mu_hive_nellie,
          sprint_mu_lair_fedhas, sprint_mu_vaults_butterflies,
          sprint_mu_slime_circle, sprint_mu_swamp_cave, sprint_mu_shoals_archi,
          sprint_mu_blade_basic, sprint_mu_crypt_fortress,
          sprint_mu_tomb_spiral, sprint_mu_vestibule_basic,
          sprint_mu_gehenna_hellfire, sprint_mu_dis_giant,
          sprint_mu_tartarus_statrot, sprint_mu_cocytus_islands, sprint_mu_zot1]

Skill      XL: |  1  2  3  4  5  6  7  8  9 10 11 |
---------------+----------------------------------+-----
Earth Magic    | 6 8 9 13 14 15 17 19 21 | 21.4
Dodging        | 2 3 4 5 |  5.0
Spellcasting   | 3 4 5 8 9 11 13 15 16 | 16.6
Stealth        | 3 4 5 |  5.5
Transmutations | 1 2 3 |  3.9
Conjurations   | 1 2 4 6 8 10 | 10.1
Fighting       | 2 3 |  3.9
Evocations     | 1 2 |  2.1
Throwing       | |  0.5

Action                   |  1- 3 |  4- 6 |  7- 9 | 10-12 || total
-------------------------+-------+-------+-------+-------++-------
Throw: Dart              |     1 |       |       |       ||     1
 Cast: Sandblast         |    14 |     2 |    14 |    23 ||    53
       Passwall          |     2 |       |       |     3 ||     5
       Stone Arrow       |       |     5 |    30 |    35 ||    70
       Lee's Rapid Decon |       |       |       |    14 ||    14
       Petrify           |       |       |       |     4 ||     4
Evoke: Phantom mirror    |       |       |     2 |     3 ||     5
  Use: Potion            |     2 |       |       |     2 ||     4
       Scroll            |       |       |       |     3 ||     3
Armor: Robe              |     3 |       |     2 |     9 ||    14
Dodge: Dodged            |     2 |       |     7 |    23 ||    32

Table legend: (Time is in decaauts)
 A = Elapsed time spent in this place.
 B = Non-inter-level travel time spent in this place.
 C = Inter-level travel time spent in this place.
 D = Time resting spent in this place.
 E = Time spent auto-exploring this place.
 F = Levels seen in this place.
 G = Mean time per level.
                   A        B        C        D        E       F      G
               +--------+--------+--------+--------+--------+-----+--------+
         Total |   3965 |   3921 |     44 |   3090 |     38 |   1 | 3965.0 |
       Dungeon |   3965 |   3921 |     44 |   3090 |     38 |   1 | 3965.0 |
               +--------+--------+--------+--------+--------+-----+--------+

Top non-repeatable levels by time:
       D: 3965 daAuts
